 Dungeon Crawl Stone Soup version 0.18.2-3-g5ac21b8443 (webtiles) character file.

10109 Crauler the Basher (level 11, -9/119 HPs)
             Began as an Ogre Hunter on Oct 31, 2023.
             Was a High Priest of Okawaru.
             Mangled by an ice beast (10 damage)
             ... in an ice cave.
             The game lasted 00:50:53 (12349 turns).

Crauler the Basher (Ogre Hunter)                   Turns: 12349, Time: 00:50:54

Health: -9/119     AC: 10    Str: 27    XL:     11   Next: 57%
Magic:  0/18       EV: 15    Int: 16    God:    Okawaru [*****.]
Gold:   1274       SH:  0    Dex: 13    Spells: 2 memorised, 18 levels left

rFire  . . .     SeeInvis .     S - +0 flail (holy)
rCold  . . .     Gourm    .     B - +1 robe "Rurach" {Int+6}
rNeg   . . .     Faith    .     (no shield)
rPois  .         Spirit   +     (helmet restricted)
rElec  .         Dismiss  .     v - +1 cloak {+Inv}
rCorr  .         Reflect  .     (gloves unavailable)
SustAt .         Harm     .     (boots unavailable)
MR     +....                    A - amulet of guardian spirit
Stlth  ++........               J - +4 ring of protection
                                b - +3 ring of strength

@: mighty, heroism, somewhat resistant to hostile enchantments, unstealthy
A: unfitting armour, tough skin 1
a: Heroism, Finesse, Renounce Religion, Evoke Invisibility


You were in an ice cave.
You worshipped Okawaru.
Okawaru was extremely pleased with you.
You were hungry.

You visited 3 branches of the dungeon, and saw 12 of its levels.
You also visited: Bailey and Ice Cave.

You collected 1274 gold pieces.

Inventory:

Hand Weapons
 s - a +0 giant spiked club
 w - a +0 mace
 D - a +2 flail of protection
 Q - a +0 blowgun
 S - a +0 flail of holy wrath (weapon)
Missiles
 c - 7 large rocks
 d - 2 throwing nets
 k - 64 poisoned needles
 p - 8 poisoned javelins
 C - 7 javelins
 F - 7 poisoned tomahawks
 U - 12 tomahawks (quivered)
 V - 23 tomahawks of returning
Armour
 v - a +1 cloak of invisibility (worn)
 B - the +1 robe "Rurach" (worn) {Int+6}
   (You found it on level 4 of the Dungeon)

   It affects your intelligence (+6).
Jewellery
 b - a +3 ring of strength (left hand)
 m - an uncursed ring of sustain attributes
 A - an amulet of guardian spirit (around neck)
 J - a +4 ring of protection (right hand)
 Z - an uncursed ring of protection from magic
Wands
 y - a wand of slowing (28/48)
 L - a wand of confusion (24/48)
 R - a wand of disintegration (7/24)
 T - a wand of disintegration (10/24)
Scrolls
 a - 5 scrolls of teleportation
 e - a scroll of immolation {unknown}
 h - 2 scrolls of random uselessness {unknown}
 o - 4 scrolls of remove curse
 u - 3 scrolls of magic mapping
 x - a scroll of blinking {unknown}
 H - a scroll of fear {unknown}
 I - a scroll of enchant armour {unknown}
 N - a scroll of brand weapon {unknown}
 O - a scroll of recharging {unknown}
 X - a scroll of torment {unknown}
Potions
 g - a potion of lignification {unknown}
 i - 2 potions of beneficial mutation
 j - a potion of haste
 q - 3 potions of invisibility
 r - a potion of curing
 t - 2 potions of might
 E - a potion of agility {unknown}
 G - a potion of flight
 M - a potion of mutation {unknown}
 P - a potion of ambrosia {unknown}
Comestibles
 f - 2 bread rations
 n - a royal jelly
 z - 4 meat rations
 K - a slice of pizza
 W - 4 fruits


   Skills:
 + Level 10.6(15.6) Fighting
 * Level 13.7(18.7) Maces & Flails
 + Level 7.9(12.9) Throwing
 + Level 6.3(11.3) Dodging
 - Level 0.7(5.7) Stealth
 - Level 5.0 Spellcasting
 - Level 5.3 Invocations


You had 18 spell levels left.
You knew the following spells:

 Your Spells              Type           Power        Failure   Level  Hunger
a - Apportation           Tloc           #.........   17%         1    None
b - Summon Butterflies    Summ           #.......     17%         1    None


Dungeon Overview and Level Annotations

Branches:
Dungeon (9/15)             Temple (1/1) D:6            Lair (2/8) D:9
    Orc (0/2) D:9

Altars:
Ashenzari
Cheibriados
Dithmenos
Elyvilon
Fedhas
Gozag
Kikubaaqudgha
Makhleb
Nemelex Xobeh
Okawaru
Pakellas
Qazlal
Ru
Sif Muna
Trog
Vehumet
Xom
Yredelemnul
Zin
The Shining One

Shops:
D:4 %

Annotations:
D:3 Crauler's ghost, amateur OgHu


Innate Abilities, Weirdness & Mutations

You are too large for most types of armour.
You have tough skin (AC +1).


Message History

The ice beast hits you but does no damage.
You sock the ice beast!
You kill the ice beast!
Okawaru accepts your kill. The ice beast hits you.
* * * LOW HITPOINT WARNING * * *
The ice beast freezes you!
* * * LOW HITPOINT WARNING * * *
The ice beast hits you.
* * * LOW HITPOINT WARNING * * *
The ice beast freezes you!
* * * LOW HITPOINT WARNING * * *
You closely miss the ice beast. The ice beast closely misses you.
You closely miss the ice beast. The ice beast closely misses you.
You bludgeon the ice beast!!
The ice beast is severely wounded.
The ice beast hits you.
* * * LOW HITPOINT WARNING * * *
The ice beast freezes you!
You die...

#### ##.@##
##
##..YY##.Y##
#..........#
#.∩.∩.......
#.......##..
##....### .
##..## ####


You could see 2 ice beasts.

Vanquished Creatures
  The ghost of peterlawrence the Basher, a novice MiFi of Okawaru (Bailey)
  A hill giant (D:9)
  A centaur zombie (D:8)
  Joseph (D:7)
  Maurice (D:9)
  A komodo dragon (Lair:2)
  3 trolls (D:9)
  Grinder (D:3)
  Sigmund (D:2)
  2 wyverns
  9 yaks (D:9)
  A hungry ghost (D:9)
  A water moccasin (D:6)
  13 ice beasts
  7 orc warriors
  An eye of draining (D:9)
  A phantom (D:3)
  2 centaurs
  A necrophage (D:7)
  3 ogres
  A big kobold (D:8)
  7 giant frogs
  A gnoll sergeant (D:9)
  2 scorpions
  4 killer bees
  2 howler monkeys
  A giant frog zombie (D:9)
  6 crimson imps
  A quasit (D:8)
  3 hounds
  A jelly (D:9)
  3 orc priests (D:9)
  A centaur skeleton (D:9)
  Crazy Yiuf (D:2)
  10 orc wizards
  A giant frog skeleton (D:6)
  2 iguanas
  5 worker ants
  2 hound zombies
  A hound skeleton (D:6)
  A howler monkey zombie (D:9)
  A worker ant zombie (D:6)
  9 adders
  17 gnolls
  2 river rats (D:9)
  3 oozes
  An adder zombie (D:6)
  7 worms
  4 dart slugs
  4 giant geckos
  41 orcs
  12 bats
  4 giant cockroaches
  20 goblins
  9 hobgoblins
  8 jackals (D:4)
  20 kobolds
  6 quokkas
  11 giant newts
  A quokka skeleton (D:7)
  20 rats
308 creatures vanquished.

Vanquished Creatures (others)
  13 fungi (D:9)
  4 plants (D:9)
17 creatures vanquished.

Grand Total: 325 creatures vanquished

Notes
Turn   | Place    | Note
--------------------------------------------------------------
     0 | D:1      | Crauler the Ogre Hunter began the quest for the Orb.
     0 | D:1      | Reached XP level 1. HP: 22/22 MP: 1/1
    62 | D:1      | Reached skill level 1 in Maces & Flails
    65 | D:1      | Reached XP level 2. HP: 12/31 MP: 2/2
   558 | D:1      | Reached skill level 2 in Maces & Flails
   782 | D:1      | Reached XP level 3. HP: 37/37 MP: 3/3
  1293 | D:1      | Reached skill level 3 in Maces & Flails
  1495 | D:1      | Reached XP level 4. HP: 13/48 MP: 4/4
  2002 | D:2      | Reached skill level 4 in Maces & Flails
  2579 | D:2      | Reached XP level 5. HP: 53/55 MP: 5/5
  2677 | D:2      | Noticed Sigmund
  2683 | D:2      | Killed Sigmund
  2683 | D:2      | Reached skill level 5 in Fighting
  2683 | D:2      | Reached skill level 6 in Maces & Flails
  2683 | D:2      | Reached XP level 6. HP: 39/66 MP: 6/6
  2891 | D:2      | Noticed Crazy Yiuf
  2895 | D:2      | Killed Crazy Yiuf
  3856 | D:3      | Found a deep blue altar of Sif Muna.
  3887 | D:3      | Noticed Grinder
  3889 | D:3      | Paralysed by Grinder for 3 turns
  3895 | D:3      | Killed Grinder
  3895 | D:3      | Reached skill level 7 in Maces & Flails
  3895 | D:3      | Reached XP level 7. HP: 76/76 MP: 7/7
  3973 | D:3      | Reached skill level 8 in Maces & Flails
  4039 | D:3      | Noticed Crauler's ghost (amateur OgHu)
  4387 | D:4      | Found Kumar's Food Shop.
  4556 | D:4      | Got a fabulously ornate robe
  4574 | D:4      | Identified the cursed +1 robe "Rurach" {Int+6} (You found it on level 4 of the Dungeon)
  4964 | D:5      | Entered Level 5 of the Dungeon
  4990 | D:5      | Reached XP level 8. HP: 73/84 MP: 6/8
  5113 | D:5      | Reached skill level 9 in Maces & Flails
  5249 | D:5      | Found a blossoming altar of Fedhas.
  6035 | D:6      | Reached skill level 5 in Throwing
  6096 | D:6      | Found a sparkling altar of Nemelex Xobeh.
  6097 | D:6      | Found an opulent altar of Gozag.
  6172 | D:6      | Found a staircase to the Ecumenical Temple.
  6197 | D:6      | Found a shattered altar of Ashenzari.
  6200 | D:6      | Found a sacrificial altar of Ru.
  6203 | D:6      | Found an oddly glowing altar of Pakellas.
  6206 | D:6      | Found a snail-covered altar of Cheibriados.
  6230 | Temple   | Entered the Ecumenical Temple
  6303 | Temple   | Became a worshipper of Warmaster Okawaru
  6381 | D:6      | Reached skill level 10 in Maces & Flails
  6470 | D:6      | Reached XP level 9. HP: 87/96 MP: 7/9
  6702 | D:6      | Reached * piety under Okawaru
  6807 | D:7      | Reached skill level 1 in Invocations
  7080 | D:7      | Noticed Joseph
  7100 | D:7      | Killed Joseph
  7100 | D:7      | Reached skill level 5 in Invocations
  7249 | D:7      | Reached skill level 1 in Spellcasting
  7824 | D:8      | Reached ** piety under Okawaru
  7829 | D:8      | Reached skill level 5 in Spellcasting
  7927 | D:8      | Reached XP level 10. HP: 97/106 MP: 14/17
  8010 | D:8      | Found a shimmering altar of Xom.
  8058 | D:8      | Reached skill level 11 in Maces & Flails
  8469 | D:9      | Noticed Maurice
  8508 | D:9      | Killed Maurice
  8570 | D:9      | Found a flagged portal.
  8580 | Bailey   | Entered a bailey
  8583 | Bailey   | Noticed peterlawrence's ghost (novice MiFi)
  8610 | Bailey   | Killed peterlawrence's ghost
  8610 | Bailey   | Reached *** piety under Okawaru
  8913 | Bailey   | Reached skill level 12 in Maces & Flails
  8927 | Bailey   | Found an iron altar of Okawaru.
  9035 | D:9      | Reached skill level 5 in Dodging
  9532 | D:9      | Found a staircase to the Orcish Mines.
  9825 | D:9      | Reached **** piety under Okawaru
  9853 | D:9      | Reached XP level 11. HP: 100/117 MP: 15/18
  9993 | D:9      | Reached skill level 13 in Maces & Flails
 10086 | D:9      | Reached skill level 10 in Fighting
 10696 | D:9      | Reached ***** piety under Okawaru
 11209 | D:9      | Found a staircase to the Lair.
 11271 | D:9      | Noticed a hill giant
 11280 | D:9      | Killed a hill giant
 12032 | Lair:1   | Entered Level 1 of the Lair of Beasts
 12068 | Lair:1   | You fall through a shaft!
 12123 | Lair:2   | Learned a level 1 spell: Apportation
 12125 | Lair:2   | Learned a level 1 spell: Summon Butterflies
 12145 | Lair:2   | Found a frozen archway.
 12203 | Lair:2   | HP: 2/119 [ice beast (11)]
 12329 | IceCv    | Entered an ice cave
 12339 | IceCv    | Received a gift from Okawaru
 12346 | IceCv    | HP: 3/119 [ice beast (7)]
 12349 | IceCv    | HP: 1/119 [ice beast (2)]
 12349 | IceCv    | Mangled by an ice beast

Skill      XL: |  1  2  3  4  5  6  7  8  9 10 11 |
---------------+----------------------------------+-----
Fighting       | 3 4 5 6 8 9 10 | 10.6
Maces & Flails | 1 2 3 4 6 7 8 10 12 13 | 13.7
Dodging        | 2 3 4 5 6 |  6.3
Throwing       | 5 7 |  7.9
Invocations    | 5 |  5.3
Spellcasting   | 5 |  5.0
Stealth        | |  0.7

Action                   |  1- 3 |  4- 6 |  7- 9 | 10-12 || total
-------------------------+-------+-------+-------+-------++-------
Melee: Short sword       |    52 |       |       |       ||    52
       Dagger            |    59 |    27 |       |       ||    86
       Flail             |       |    47 |   259 |   591 ||   897
       Mace              |       |   111 |    79 |       ||   190
       Punch             |       |       |       |     4 ||     4
Throw: Large rock        |       |    13 |     8 |     1 ||    22
       Throwing net      |       |     2 |       |       ||     2
       Tomahawk          |       |       |     6 |    35 ||    41
       Javelin           |       |       |       |     5 ||     5
Invok: Heroism           |       |       |     1 |     7 ||     8
  Use: Scroll            |       |     7 |     3 |     5 ||    15
       Potion            |       |       |       |     6 ||     6
 Stab: Sleeping          |       |     1 |     1 |     2 ||     4
       Distracted        |       |       |       |     2 ||     2
  Eat: Chunk             |     2 |     8 |    12 |    13 ||    35
       Beef jerky        |       |       |       |     2 ||     2
       Pizza             |       |       |       |     2 ||     2
Armor: Robe              |    31 |    45 |   143 |   220 ||   439
Dodge: Dodged            |    50 |   101 |   157 |   320 ||   628
